 Dungeon Crawl Stone Soup version 0.30-a0-509-gd016549fea (webtiles) character file.

Game seed: 5210909840309658032

131 Jase the Ruffian (level 4, -2/35 HPs)
             Began as a Draconian Transmuter on Dec 22, 2022.
             Slain by an iguana (4 damage)
             ... on level 3 of the Dungeon.
             The game lasted 00:06:23 (2549 turns).

Jase the Ruffian (Draconian Transmuter)             Turns: 2549, Time: 00:06:24

Health: -2/35      AC:  5    Str: 13    XL:     4   Next: 91%
Magic:  16/16      EV: 12    Int: 15    God:
Gold:   129        SH:  0    Dex: 11    Spells: 1/7 levels left

rFire   . . .      SeeInvis .      - Unarmed
rCold   . . .      Faith    .    (no shield)
rNeg    . . .      Spirit   .    (body armour unavailable)
rPois   .          Reflect  .    (helmet restricted)
rElec   .          Harm     .    (no cloak)
rCorr   .          Rampage  .    (no gloves)
Will    .....                    (no boots)
Stlth   +.........               (no amulet)
HPRegen 0.25/turn                c - ring of magical power
MPRegen 0.15/turn                (no ring)

@: studying Staves
A: AC +5, unfitting armour, cold-blooded
a: no special abilities


You were on level 3 of the Dungeon.
You visited 1 branch of the dungeon, and saw 3 of its levels.

You collected 129 gold pieces.

Inventory:

Missiles
 i - 5 javelins
 j - 29 stones
Jewellery
 c - a ring of magical power (left hand)
Scrolls
 d - a scroll of enchant armour {unknown}
 e - 2 scrolls of teleportation {unknown}
 k - a scroll of identify {unknown}
 l - a scroll of immolation {unknown}
Potions
 a - a potion of lignification
 b - a potion of resistance {unknown}
 f - a potion of brilliance {unknown}
 g - a potion of might {unknown}
 h - 2 potions of magic {unknown}
 m - a potion of ambrosia {unknown}
 n - 2 potions of haste {unknown}
 o - 2 potions of curing {unknown}
 p - a potion of mutation {unknown}


   Skills:
 - Level 1.1 Fighting
 + Level 2.9 Dodging
 + Level 4.0 Unarmed Combat
 - Level 2.0 Spellcasting
 + Level 3.2 Transmutations
 + Level 1.1 Poison Magic


You had one spell level left.
You knew the following spells:

 Your Spells              Type           Power      Damage    Failure   Level
a - Beastly Appendage     Tmut           22%        N/A       6%          1
b - Wereblood             Tmut           11%        N/A       9%          2
c - Spider Form           Tmut/Pois      8%         N/A       26%         3

Your spell library contained the following spells:

 Spells                   Type           Power      Damage    Failure   Level
 Necrotise                Necr           4%         1d4       22%         1
 Hailstorm                Conj/Ice       1%         3d3       54%         3
 Kindle Blastsparks       Fire/Tloc/Air  2%         2d10      54%         3
 Vampiric Draining        Necr           1%         2d6       54%         3
 Ice Form                 Ice/Tmut       6%         N/A       75%         4
 Fulminant Prism          Conj/Hex       0%         3d5       91%         4
 Iskenderun's Mystic Bla  Conj/Tloc      1%         2d3       91%         4
 Agony                    Necr           1%         N/A       99%         5
 Lee's Rapid Deconstruct  Erth           0%         3d4*      99%         5
 Simulacrum               Ice/Necr       0%         N/A       100%        6


Dungeon Overview and Level Annotations

Branches:
Dungeon (3/15)

Altars:
Gozag

Shops:
D:3 *

Annotations:
D:3 3 runed translucent doors, Liquidunit's ghost, weakling MiBe; Sigmund


Innate Abilities, Weirdness & Mutations

Your plain brown scales are hard. (AC +5)
You cannot fit into any form of body armour.
You are cold-blooded and may be slowed by cold attacks.


Message History

You hit the hobgoblin but do no damage. Your kick misses the hobgoblin.
You headbutt the hobgoblin.
You kill the hobgoblin!
You hit the iguana but do no damage. Your kick misses the iguana.
The iguana bites you!
You closely miss the iguana. You headbutt the iguana. You tail-slap the iguana.
The iguana is heavily wounded.
The iguana bites you!
* * * LOW HITPOINT WARNING * * *
You closely miss the iguana. You claw the iguana.
The iguana is severely wounded.
You closely miss the iguana. Your kick misses the iguana.
Your headbutt misses the iguana.
The iguana is severely wounded.
The iguana bites you but does no damage.
You hit the iguana but do no damage. Your kick misses the iguana.
The iguana is severely wounded.
The iguana barely misses you.
You barely miss the iguana.
The iguana is severely wounded.
The iguana misses you.
You completely miss the iguana. You claw the iguana. You tail-slap the iguana.
The iguana is almost dead.
Your horns disappear.
Your talons disappear.
The iguana closely misses you.
You hit the iguana but do no damage.
The iguana is almost dead.
The iguana bites you!
* * * LOW HITPOINT WARNING * * *
You closely miss the iguana.
The iguana is almost dead.
The iguana bites you.
* * * LOW HITPOINT WARNING * * *
You hit the iguana but do no damage.
The iguana is almost dead.
The iguana misses you.
You hit the iguana. Your punch misses the iguana.
The iguana is almost dead.
The iguana bites you.
You die...

########......#
#######.........#
###.......#'#.....#
.........##†##....#####
##......#...#.........
###...#######........
#...#.....#.#.####.
#...#.....'...# #.
#.@#########..# #. ##l#
#.## ##. #rg...l.. #.#
#.. #.#.$.g.. #.# #.#
#.####### #.# #.# #..
..# ##.# ##. .####..# .
.#....## .. #....####


You could see an iguana, a gnoll and a rat.

Vanquished Creatures
  A gnoll (D:3)
  5 adders
  A worm (D:2)
  A dart slug (D:3)
  2 orcs (D:3)
  5 bats
  5 endoplasms
  6 goblins
  7 hobgoblins
  6 jackals (D:1)
  4 quokkas
  9 ball pythons
  6 frilled lizards
  4 kobolds
  4 rats
66 creatures vanquished.

Vanquished Creatures (others)
  4 plants (D:1)
4 creatures vanquished.

Grand Total: 70 creatures vanquished

Notes
Turn   | Place    | Note
-------+----------+-------------------------------------------
     0 | D:1      | Jase the Draconian Transmuter began the quest for the Orb.
     0 | D:1      | Reached XP level 1. HP: 16/16 MP: 3/3
   183 | D:1      | Reached XP level 2. HP: 12/23 MP: 3/5
   606 | D:1      | Reached XP level 3. HP: 28/28 MP: 6/6
   609 | D:1      | Learned a level 2 spell: Wereblood
   613 | D:1      | Learned a level 3 spell: Spider Form
  1455 | D:2      | Reached XP level 4. HP: 20/35 MP: 7/7
  1817 | D:3      | Found Cywastre's Assorted Antiques.
  1872 | D:3      | Found an opulent altar of Gozag.
  2108 | D:3      | Noticed Liquidunit's ghost (weakling MiBe)
  2114 | D:3      | Found a runed translucent gate.
  2114 | D:3      | Found a runed translucent gate.
  2114 | D:3      | Found a runed translucent gate.
  2117 | D:3      | Noticed a kobold brigand
  2440 | D:3      | Noticed Sigmund
  2469 | D:3      | Reached skill level 4 in Unarmed Combat
  2469 | D:3      | Reached skill level 1 in Poison Magic
  2547 | D:3      | HP: 1/35 [iguana (2)]
  2549 | D:3      | Slain by an iguana

Illustrated notes

Levels and vault maps discovered:
D:1:      spicycebolla_arrival_clurvy, layout_basic, minmay_misc_feat_room,
          serial_park_tiny_1, glass_columns_a
D:2:      layout_basic
D:3:      minmay_diamond_boxcup, layout_basic, mainiacjoe_overflow_tiny_flanked,
          demons_altar, gammafunk_ghost_nasty_kobolds, serial_shops, shop,
          kennysheep_decorative_pillar, minmay_divided_ellipse, uniq_sigmund

Skill      XL: |  1  2  3  4 |
---------------+-------------+-----
Dodging        | 2 |  2.9
Transmutations | 3 |  3.2
Unarmed Combat | 4 |  4.0
Poison Magic   | 1 |  1.1
Fighting       | |  1.1
Spellcasting   | |  2.0

Action                   |  1- 3 |  4- 6 || total
-------------------------+-------+-------++-------
Melee: Unarmed           |   135 |    88 ||   223
       Tailslap          |    12 |    15 ||    27
       Punch             |     3 |     3 ||     6
       Kick              |    15 |    14 ||    29
       Headbutt          |    10 |     7 ||    17
 Cast: Beastly Appendage |    15 |     8 ||    23
       Wereblood         |       |     2 ||     2
 Stab: Sleeping          |       |     1 ||     1
Armor: Skin              |    38 |    19 ||    57
Dodge: Dodged            |    80 |    39 ||   119

Table legend: (Time is in decaauts)
 A = Elapsed time spent in this place.
 B = Non-inter-level travel time spent in this place.
 C = Inter-level travel time spent in this place.
 D = Time resting spent in this place.
 E = Time spent auto-exploring this place.
 F = Levels seen in this place.
 G = Mean time per level.
                   A        B        C        D        E       F      G
               +--------+--------+--------+--------+--------+-----+--------+
         Total |   2532 |   2471 |     61 |    256 |   1683 |   3 |  844.0 |
       Dungeon |   2532 |   2471 |     61 |    256 |   1683 |   3 |  844.0 |
               +--------+--------+--------+--------+--------+-----+--------+

Top non-repeatable levels by time:
     D:2: 994 daAuts
     D:1: 791 daAuts
     D:3: 746 daAuts
